 Dungeon Sprint DCSS version 0.17-a0-1920-gafa4d75 (webtiles) character file.

344 Kidiri the Covert (level 6, -9/28 HPs)
             Began as a Spriggan Enchanter on Sept 27, 2015.
             Was an Initiate of Dithmenos.
             Mangled by a spatial vortex (22 damage)
             ... in the Dungeon (Sprint III: "The Ten Rune Challenge").
             The game lasted 00:02:13 (596 turns).

Kidiri the Covert (Spriggan Enchanter)               Turns: 596, Time: 00:02:13

Health: -9/28      AC:  4    Str:  4    XL:     6   Next: 31%
Magic:  2/17       EV: 23    Int: 15    God:    Dithmenos [......]
Gold:   17         SH:  0    Dex: 18    Spells: 5 memorised, 8 levels left

rFire  . . .     SeeInvis +     a - +1 dagger
rCold  . . .     Clarity  .     l - +2 robe
rNeg   . . .     SustAt   .     (shield restricted)
rPois  .         Gourm    .     (helmet restricted)
rElec  .         Spirit   .     (no cloak)
rCorr  .         Warding  .     (gloves unavailable)
rMut   .         NoTele   +     (boots unavailable)
MR     +....                    (no amulet)
Stlth  +++++.....               (no ring)
                                (no ring)

@: very slightly contaminated, very quick, somewhat resistant to hostile
enchantments, quite stealthy
A: unfitting armour, see invisible, dopey 1, herbivore 3, speed 3, mutation
resistance 1, screaming 1, slow metabolism 2
a: Renounce Religion


You were in the Dungeon.
You worshipped Dithmenos.
Dithmenos was noncommittal.
You were not hungry.

You visited 1 branch You collected 17 gold pieces.

Inventory:

Hand weapons
 a - a +1 dagger (weapon)
Armour
 l - a +2 robe (worn)
Scrolls
 j - a scroll of blinking
 n - a scroll of immolation {unknown}
 p - 2 scrolls of remove curse
 s - a scroll of torment {unknown}
 t - a scroll of enchant armour {unknown}
Potions
 e - a potion of curing
 f - a potion of heal wounds
 g - a potion of haste
 h - 2 potions of magic
 k - a potion of might
 q - a potion of agility
 r - 3 potions of flight
Comestibles
 d - 2 bread rations
 u - 2 royal jellies


   Skills:
 * Level 7.0 Short Blades
 + Level 7.0 Dodging
 * Level 10.8 Stealth
 * Level 7.9 Spellcasting
 + Level 2.1 Conjurations
 + Level 6.4 Hexes
 + Level 2.3 Ice Magic
 + Level 0.0 Invocations


You had 8 spell levels left.
You knew the following spells:

 Your Spells              Type           Power        Failure   Level  Hunger
a - Corona                Hex            ####...      1%          1    None
b - Ensorcelled Hibernat  Hex/Ice        ###...       3%          2    None
c - Confuse               Hex            ####....     2%          3    ##.....
d - Tukima's Dance        Hex            ####....     2%          3    ##.....
e - Dazzling Spray        Conj/Hex       ###.....     10%         3    ##.....


Dungeon Overview and Level Annotations

Branches:
Dungeon (1/1)

Altars:
Dithmenos
Gozag
Makhleb
Nemelex Xobeh
Qazlal
Ru
Xom
Jiyva
Lugonu


Innate Abilities, Weirdness & Mutations

You are tiny and cannot use many weapons and most armour.
You have supernaturally acute eyesight.
You are a herbivore.
You cover ground extremely quickly.
You need consume almost no food.
You are dopey. (Int -2)
You are somewhat resistant to further mutation.
You occasionally shout uncontrollably at your foes.


Message History

The spray of energy hits the spatial vortex.
The spatial vortex is heavily damaged.
Casting: Dazzling Spray
Confirm with . or Enter, or press ? or * to list all spells.
Aiming: Dazzling Spray
Press: ? - help, Shift-Dir - straight line, f/p - spatial vortex
Aim: a spatial vortex (heavily damaged)
The spray of energy hits the spatial vortex.
The spatial vortex is severely damaged.
The spatial vortex hits you! Space bends around you.
Casting: Dazzling Spray
Confirm with . or Enter, or press ? or * to list all spells.
Aiming: Dazzling Spray
Press: ? - help, Shift-Dir - straight line, f/p - spatial vortex
Aim: a spatial vortex (severely damaged)
You miscast Dazzling Spray.
You are very lightly contaminated with residual magic.
Wisps of smoke drift from your hands. The spatial vortex hits you!!
Ouch! That really hurt!
You die...

#### ##.# ...#####..#
....#!.#..#
#...#..#..###+#+###+##
##..##+#..#..........#
##..###.%.'.⌠........#
#..####...#...######'#
#..###....#.⌠.#_v#...#
...##.....#...#_@#...#
...#......#+###__#...#
.##.#.....# #__#...+
.#####....# #_.'...#
▓▓ ▓▓▓▓▓▓ ▓▓▓▓▓▓▓▓


You could see a spatial vortex.

Vanquished Creatures
  A shadow (D)
  A water elemental (D)
  A scorpion (D)
  A jelly (D)
  Jessica (D)
  A human (D)
  An ooze (D)
  A rat (D)
8 creatures vanquished.

Vanquished Creatures (others)
  2 draconian scorchers (D)
  A hydra (D)
  A yaktaur (D)
  2 fire drakes (D)
  2 plants (D)
8 creatures vanquished.

Grand Total: 16 creatures vanquished

Notes
Turn   | Place    | Note
--------------------------------------------------------------
     0 | D        | Kidiri the Spriggan Enchanter began the quest for the Orb.
     0 | D        | Reached XP level 1. HP: 9/9 MP: 5/5
     9 | D        | Reached skill level 5 in Stealth
    25 | D        | Noticed Jessica
    29 | D        | Killed Jessica
    29 | D        | Reached skill level 6 in Stealth
    29 | D        | Reached XP level 2. HP: 13/13 MP: 6/8
    29 | D        | Reached XP level 3. HP: 16/16 MP: 6/9
    50 | D        | Noticed a scorpion
    53 | D        | Killed a scorpion
    53 | D        | Reached skill level 5 in Dodging
    53 | D        | Reached skill level 7 in Stealth
    53 | D        | Reached skill level 5 in Spellcasting
    53 | D        | Reached skill level 5 in Hexes
    53 | D        | Reached XP level 4. HP: 21/21 MP: 9/12
    57 | D        | Reached skill level 8 in Stealth
    70 | D        | Learned a level 2 spell: Ensorcelled Hibernation
    74 | D        | Learned a level 3 spell: Confuse
    78 | D        | Learned a level 3 spell: Tukima's Dance
    82 | D        | Learned a level 3 spell: Dazzling Spray
   106 | D        | Gained mutation: You are dopey. (Int -2) [potion of mutation]
   106 | D        | Gained mutation: You are somewhat resistant to further mutation. [potion of mutation]
   106 | D        | Gained mutation: You occasionally shout uncontrollably at your foes. [potion of mutation]
   118 | D        | Noticed a water elemental
   146 | D        | Killed a water elemental
   146 | D        | Reached skill level 5 in Short Blades
   146 | D        | Reached skill level 9 in Stealth
   146 | D        | Reached skill level 1 in Ice Magic
   146 | D        | Reached XP level 5. HP: 24/24 MP: 1/15
   196 | D        | Killed a white draconian scorcher
   240 | D        | Killed a yaktaur
   300 | D        | Killed a fire drake
   310 | D        | Noticed a jelly
   311 | D        | Noticed a shadow
   313 | D        | Killed a shadow
   313 | D        | Reached skill level 10 in Stealth
   313 | D        | Reached skill level 1 in Conjurations
   313 | D        | Reached XP level 6. HP: 28/28 MP: 15/17
   321 | D        | Killed a jelly
   380 | D        | Killed a five-headed hydra
   423 | D        | Killed a white draconian scorcher
   428 | D        | Killed a fire drake
   583 | D        | Found a stormy altar of Qazlal.
   583 | D        | Noticed a spatial vortex
   584 | D        | Found a sacrificial altar of Ru.
   584 | D        | Found a burning altar of Makhleb.
   584 | D        | Found a viscous altar of Jiyva.
   584 | D        | Found a shimmering altar of Xom.
   584 | D        | Found a shadowy altar of Dithmenos.
   584 | D        | Found a sparkling altar of Nemelex Xobeh.
   584 | D        | Found a corrupted altar of Lugonu.
   584 | D        | Found an opulent altar of Gozag.
   591 | D        | Became a worshipper of Dithmenos the Shadowed
   596 | D        | Mangled by a spatial vortex

Vault maps used:
D:        dungeon_sprint_mu

Action                   |  1- 3 |  4- 6 || total
-------------------------+-------+-------++-------
Melee: Dagger            |     4 |    14 ||    18
 Cast: Dazzling Spray    |       |     7 ||     7
       Ensorcelled Hiber |       |     1 ||     1
  Use: Potion            |       |     4 ||     4
       Scroll            |       |     3 ||     3
 Stab: Sleeping          |     4 |     3 ||     7
